 Dungeon Crawl Stone Soup version 0.17.0-28-g6e173f8 (webtiles) character file.

298 Ijustatesigmund the Conjurer (level 6, 0/66 HPs)
             Began as a Demonspawn Wizard on Nov 27, 2015.
             Succumbed to poison (a potion of poison)
             ... on level 4 of the Dungeon.
             The game lasted 00:15:38 (4390 turns).

Ijustatesigmund the Conjurer (Demonspawn Wizard)    Turns: 4390, Time: 00:15:38

Health: 0/66       AC: 23    Str:  5    XL:     6   Next: 13%
Magic:  3/10       EV:  2    Int: 22    God:
Gold:   108        SH:  0    Dex: 11    Spells: 4 memorised, 3 levels left

rFire  . . .     SeeInvis .     s - -1 whip (curse)
rCold  . . .     Clarity  .     (armour currently unavailable)
rNeg   + + +     SustAt   .     (no shield)
rPois  +         Gourm    .     (helmet currently unavailable)
rElec  .         Spirit   .     (cloak currently unavailable)
rCorr  .         Warding  .     (gloves currently unavailable)
rMut   .         NoTele   +     (boots currently unavailable)
MR     .....                    (no amulet)
Stlth  +++.......               h - -2 ring of strength (curse)
                                p - +4 ring of slaying

@: lethally poisoned (0 -> -3), tree-form, repel missiles, not resistant to
hostile enchantments, fairly stealthy
A: (hooves 0), nightstalker 1, (spiny 0)
a: no special abilities


You were on level 4 of the Dungeon.
You were hungry.
You were a tree.
You visited 1 branch of the dungeon, and saw 4 of its levels.

You collected 108 gold pieces.

Inventory:

Hand Weapons
 k - a +1 short sword
 l - a +0 flail
 s - a cursed -1 whip (weapon)
Missiles
 n - 16 poisoned needles
 r - 2 tomahawks (quivered)
Armour
 a - a +0 robe (melded)
 b - a +0 hat (melded)
Rods
 g - a +0 iron rod (12/12)
   (You found it on level 2 of the Dungeon)
Jewellery
 f - an uncursed ring of protection from cold
 h - a cursed -2 ring of strength (right branch)
 o - an uncursed ring of flight
 p - a +4 ring of slaying (left branch)
Scrolls
 e - a scroll of immolation
 j - a scroll of noise
Potions
 m - a potion of cancellation
Books
 c - a book of Minor Magic

   Spells                             Type                      Level
   a - Magic Dart                     Conjuration                  1
   b - Blink                          Translocation                2
   c - Call Imp                       Summoning                    2
   d - Repel Missiles                 Charms/Air                   2
   e - Slow                           Hexes                        2
   f - Conjure Flame                  Conjuration/Fire             3
   g - Mephitic Cloud                 Conjuration/Poison/Air       3
Comestibles
 d - 3 bread rations
 i - 2 meat rations


   Skills:
 - Level 2.0 Fighting
 + Level 1.0 Maces & Flails
 - Level 1.7 Dodging
 - Level 1.7 Stealth
 - Level 3.0 Spellcasting
 - Level 4.0 Conjurations
   Level 1.0 Summonings
 - Level 2.6 Translocations
 + Level 1.3 Air Magic
 + Level 1.2 Poison Magic


You had 3 spell levels left.
You knew the following spells:

 Your Spells              Type           Power        Failure   Level  Hunger
a - Magic Dart            Conj           ###.         2%          1    None
b - Blink                 Tloc           N/A          10%         2    ##.....
c - Repel Missiles        Chrm/Air       #.....       17%         2    ##.....
d - Mephitic Cloud        Conj/Pois/Air  ##......     17%         3    ###....


Dungeon Overview and Level Annotations

Branches:
Dungeon (4/15)
 Temple: D:4-7

Altars:
Nemelex Xobeh
Vehumet

Annotations:
D:3 bsdbeard's ghost, amateur HuIE


Innate Abilities, Weirdness & Mutations

((You have large cloven feet.))
You are slightly more attuned to the shadows.
((You are partially covered in sharp spines.))


Message History

* * * LOW HITPOINT WARNING * * *
You feel sick.
* * * LOW HITPOINT WARNING * * *
You feel sick.
* * * LOW HITPOINT WARNING * * *
You feel sick.
* * * LOW HITPOINT WARNING * * *
You feel sick.
Your magical contamination has completely faded away.
* * * LOW HITPOINT WARNING * * *
You feel sick.
* * * LOW HITPOINT WARNING * * *
You feel sick.
* * * LOW HITPOINT WARNING * * *
You feel sick.
* * * LOW HITPOINT WARNING * * *
You feel sick.
* * * LOW HITPOINT WARNING * * *
You feel sick.
You die...

... ...### .....#
.....# .....#
.....#####♣♣ ###
...........♣♣ ♣♣#..)#
..†<.#.....P♣♣♣♣♣)...#
.)...##....P.♣..♣#...#
########..P.♣.♣♣♣ ###
###♣♣♣♣♣


There were no monsters in sight!

Vanquished Creatures
  An orc priest (D:3)
  Crazy Yiuf (D:4)
  A worker ant (D:4)
  A centaur skeleton (D:3)
  7 adders
  4 gnolls (D:2)
  An ooze (D:3)
  2 worms (D:2)
  2 giant geckos (D:2)
  4 orcs
  4 giant cockroaches
  8 goblins
  4 hobgoblins (D:1)
  2 jackals (D:1)
  2 ball pythons
  9 bats
  3 giant newts
  15 kobolds
  8 rats
79 creatures vanquished.

Notes
Turn   | Place    | Note
--------------------------------------------------------------
     0 | D:1      | Ijustatesigmund the Demonspawn Wizard began the quest for the Orb.
     0 | D:1      | Reached XP level 1. HP: 13/13 MP: 4/4
   572 | D:1      | Gained mutation: You are partially covered in sharp spines. [demonic ancestry]
   572 | D:1      | Reached XP level 2. HP: 19/19 MP: 1/6
   638 | D:1      | Learned a level 2 spell: Blink
   641 | D:1      | Learned a level 2 spell: Repel Missiles
   716 | D:1      | Reached skill level 1 in Translocations
  1398 | D:2      | Gained mutation: You are slightly more attuned to the shadows. [demonic ancestry]
  1398 | D:2      | Reached XP level 3. HP: 8/24 MP: 2/7
  2037 | D:2      | Learned a level 3 spell: Mephitic Cloud
  2178 | D:2      | Reached XP level 4. HP: 29/31 MP: 1/8
  2189 | D:2      | Reached skill level 1 in Fighting
  2780 | D:2      | Found a radiant altar of Vehumet.
  2791 | D:2      | Found a sparkling altar of Nemelex Xobeh.
  3077 | D:3      | Gained mutation: You have large cloven feet. [demonic ancestry]
  3077 | D:3      | Reached XP level 5. HP: 26/37 MP: 2/9
  3566 | D:3      | Noticed bsdbeard's ghost (amateur HuIE)
  3668 | D:3      | Reached skill level 4 in Conjurations
  4294 | D:4      | Reached skill level 1 in Air Magic
  4294 | D:4      | Reached skill level 1 in Poison Magic
  4294 | D:4      | Reached XP level 6. HP: 37/44 MP: 3/10
  4359 | D:4      | Noticed Crazy Yiuf
  4367 | D:4      | Killed Crazy Yiuf
  4367 | D:4      | Reached skill level 1 in Maces & Flails
  4382 | D:4      | HP: 3/66 [poison (a potion of poison)]
  4386 | D:4      | HP: 1/66 [poison (a potion of poison)]
  4390 | D:4      | Succumbed to poison (a potion of poison)

Action                   |  1- 3 |  4- 6 || total
-------------------------+-------+-------++-------
Melee: Unarmed           |    24 |       ||    24
       Short sword       |     8 |     8 ||    16
       Whip              |       |    11 ||    11
 Cast: Magic Dart        |    91 |    90 ||   181
       Repel Missiles    |     1 |     1 ||     2
       Mephitic Cloud    |       |     1 ||     1
Evoke: Rod               |       |     1 ||     1
  Use: Scroll            |     7 |     2 ||     9
       Potion            |     1 |     2 ||     3
  Eat: Chunk             |     1 |     5 ||     6
       Bread ration      |     1 |       ||     1
